 Dungeon Sprint DCSS version 0.17-a0-1718-g72dbe4d (webtiles) character file.

1868 drasked1 the Severer (level 8, 0/82 HPs)
             Began as a Minotaur Berserker on Aug 26, 2015.
             Was a High Priest of Trog.
             Slain by a demonic crawler (3 damage)
             ... in the Dungeon (Sprint I: "Red Sonja").
             The game lasted 00:04:29 (720 turns).

drasked1 the Severer (Minotaur Berserker)            Turns: 720, Time: 00:04:29

Health: 0/82       AC: 11    Str: 23    XL:     8   Next: 90%
Magic:  7/7        EV: 12    Int:  4    God:    Trog [*****.]
Gold:   223        SH:  0    Dex: 11    Spells: 0 memorised, 7 levels left

rFire  . . .     SeeInvis .     a - +0 hand axe
rCold  . . .     Clarity  .     j - +0 chain mail
rNeg   . . .     SustAt   .     (no shield)
rPois  .         Gourm    .     (helmet restricted)
rElec  .         Spirit   .     (no cloak)
rCorr  .         Warding  .     (no gloves)
rMut   .         NoTele   +     (no boots)
MR     .....                    (no amulet)
Stlth  ..........               (no ring)
                                (no ring)

@: exhausted, slowed, very slow, not resistant to hostile enchantments,
extremely unstealthy
A: retaliatory headbutt, horns 2
a: Burn Spellbooks, Berserk, Trog's Hand, Brothers in Arms, Renounce Religion


You were in the Dungeon.
You worshipped Trog.
Trog was extremely pleased with you.
You were not hungry.

You visited 1 branch You collected 405 gold pieces.
You spent 182 gold pieces at shops.

Inventory:

Hand weapons
 a - a +0 hand axe (weapon)
Armour
 j - a +0 chain mail (worn)
Scrolls
 i - a scroll of blinking
Potions
 b - a potion of lignification {unknown}
 d - 2 potions of curing
 e - 2 potions of heal wounds
 f - a potion of haste
 g - 2 potions of magic
 h - a potion of berserk rage
 l - a potion of might
 m - a potion of brilliance


   Skills:
 + Level 11.4 Fighting
 * Level 15.1 Axes
 + Level 9.9 Armour
 + Level 10.3 Dodging


You had 7 spell levels left.
You didn't know any spells.

Dungeon Overview and Level Annotations

Branches:
Dungeon (1/1)

Altars:
Cheibriados
Dithmenos
Elyvilon
Fedhas
Gozag
Kikubaaqudgha
Makhleb
Nemelex Xobeh
Okawaru
Qazlal
Ru
Sif Muna
Trog
Vehumet
Xom
Yredelemnul
Zin
The Shining One
Jiyva

Shops:
D !


Innate Abilities, Weirdness & Mutations

You reflexively headbutt those who attack you in melee.
You have a pair of horns on your head.


Message History

You slash the demonic crawler!
The demonic crawler is moderately wounded.
The demonic crawler hits you.
* * * LOW HITPOINT WARNING * * *
The demonic crawler hits you.
* * * LOW HITPOINT WARNING * * *
The demonic crawler closely misses you.
You hit the demonic crawler. You headbutt the demonic crawler!
The demonic crawler is severely wounded.
You slash the demonic crawler!
The demonic crawler is almost dead.
You are no longer berserk.
You are exhausted.
You feel yourself slow down. The demonic crawler hits you.
* * * LOW HITPOINT WARNING * * *
The demonic crawler hits you!
* * * LOW HITPOINT WARNING * * *
The demonic crawler misses you. The demonic crawler hits you.
You die...

#######################
#..)..#..'..#__#..†)..#
'[.#..'.)#..'..'@s#)..##+#
#####'#####'#__####...'..#
####..#...#)#### #####..+
#__####..##.# ##
#_..__##'#..+
#_.∩...'..._#
#_..._##_.#'#
#_____###+#(# ####### ###


You could see a demonic crawler.

Vanquished Creatures
  3 demonic crawlers (D)
  2 kobold demonologists (D)
  A slime creature (D)
  Sigmund (D)
  A yak (D)
  An ogre (D)
  A jelly (D)
  Ijyb (D)
  A giant eyeball (D)
12 creatures vanquished.

Vanquished Creatures (others)
  A gargoyle (D)
  A wasp (D)
2 creatures vanquished.

Grand Total: 14 creatures vanquished

Notes
Turn   | Place    | Note
--------------------------------------------------------------
     0 | D        | drasked1 the Minotaur Berserker began the quest for the Orb.
     0 | D        | Reached XP level 1. HP: 19/19 MP: 0/0
     2 | D        | Noticed Ijyb
    13 | D        | Killed Ijyb
    13 | D        | Reached skill level 5 in Fighting
    13 | D        | Reached skill level 6 in Axes
    13 | D        | Reached XP level 2. HP: 7/29 MP: 1/1
   239 | D        | Noticed an ogre
   242 | D        | Killed an ogre
   242 | D        | Reached skill level 8 in Axes
   242 | D        | Reached skill level 5 in Dodging
   242 | D        | Reached XP level 3. HP: 38/38 MP: 2/2
   242 | D        | Reached XP level 4. HP: 45/45 MP: 3/3
   288 | D        | Killed a wasp
   297 | D        | Noticed Sigmund
   309 | D        | Killed Sigmund
   309 | D        | Acquired Trog's second power
   309 | D        | Reached skill level 10 in Axes
   309 | D        | Reached skill level 5 in Armour
   309 | D        | Reached XP level 5. HP: 32/53 MP: 4/4
   309 | D        | Reached XP level 6. HP: 36/61 MP: 5/5
   449 | D        | Found a deep blue altar of Sif Muna.
   450 | D        | Noticed a jelly
   451 | D        | Found a radiant altar of Vehumet.
   456 | D        | Killed a jelly
   494 | D        | Found Dyl Onoc's Distillery.
   494 | D        | Found a white marble altar of Elyvilon.
   494 | D        | Found a stormy altar of Qazlal.
   494 | D        | Found a burning altar of Makhleb.
   494 | D        | Found a sacrificial altar of Ru.
   494 | D        | Found a basalt altar of Yredelemnul.
   494 | D        | Found a glowing golden altar of the Shining One.
   494 | D        | Found a sparkling altar of Nemelex Xobeh.
   494 | D        | Found a shimmering altar of Xom.
   494 | D        | Found an opulent altar of Gozag.
   494 | D        | Found an ancient bone altar of Kikubaaqudgha.
   494 | D        | Found a glowing silver altar of Zin.
   494 | D        | Noticed a yak
   504 | D        | Killed a yak
   504 | D        | Reached skill level 11 in Axes
   505 | D        | Found an iron altar of Okawaru.
   506 | D        | Found a bloodstained altar of Trog.
   510 | D        | Bought a potion of poison for 14 gold pieces
   510 | D        | Bought a potion of might for 56 gold pieces
   510 | D        | Bought a potion of curing for 42 gold pieces
   510 | D        | Bought a potion of brilliance for 56 gold pieces
   510 | D        | Bought a potion of degeneration for 14 gold pieces
   544 | D        | Killed a gargoyle
   610 | D        | Found a snail-covered altar of Cheibriados.
   610 | D        | Found a viscous altar of Jiyva.
   610 | D        | Found a shadowy altar of Dithmenos.
   610 | D        | Found a blossoming altar of Fedhas.
   610 | D        | Noticed a slime creature
   618 | D        | Killed a slime creature
   618 | D        | Reached skill level 12 in Axes
   618 | D        | Reached XP level 7. HP: 55/70 MP: 6/6
   636 | D        | Noticed a kobold demonologist
   637 | D        | Noticed a kobold demonologist
   639 | D        | Killed a kobold demonologist
   639 | D        | Reached skill level 10 in Fighting
   639 | D        | Reached skill level 13 in Axes
   641 | D        | Paralysed by a giant eyeball for 2 turns
   645 | D        | Killed a kobold demonologist
   645 | D        | Acquired Trog's third power
   645 | D        | Reached XP level 8. HP: 80/80 MP: 7/7
   682 | D        | Noticed a demonic crawler
   682 | D        | Noticed a demonic crawler
   682 | D        | Noticed a demonic crawler
   682 | D        | Noticed a demonic crawler
   699 | D        | Killed a demonic crawler
   699 | D        | Reached skill level 14 in Axes
   708 | D        | Killed a demonic crawler
   708 | D        | Reached skill level 10 in Dodging
   715 | D        | Killed a demonic crawler
   715 | D        | Reached skill level 15 in Axes
   719 | D        | HP: 3/82 [demonic crawler (7)]
   720 | D        | Slain by a demonic crawler

Vault maps used:
D:        dungeon_sprint_1

Action                   |  1- 3 |  4- 6 |  7- 9 || total
-------------------------+-------+-------+-------++-------
Melee: Hand axe          |    11 |    25 |    37 ||    73
Invok: Berserk           |     2 |     1 |     2 ||     5
  Eat: Chunk             |       |     1 |       ||     1
       Bread ration      |       |       |     1 ||     1
